 Dungeon Crawl Stone Soup version 0.28.0-49-g6dfe1f597d (webtiles) character file.

Game seed: 10879208825761752472

142 Exodus22XD the Poker (level 5, 0/39 HPs)
             Began as a Demonspawn Gladiator on May 19, 2022.
             Succumbed to an orc's poison
             ... on level 3 of the Dungeon.
             The game lasted 00:01:42 (1666 turns).

Exodus22XD the Poker (Demonspawn Gladiator)         Turns: 1666, Time: 00:01:43

Health: 0/39       AC:  7    Str: 17    XL:     5   Next: 4%
Magic:  14/14      EV: 11    Int:  9    God:
Gold:   109        SH:  0    Dex: 14    Spells: 4/4 levels left

rFire   . . .      SeeInvis .   a - +0 trident
rCold   . . .      Faith    .   (no shield)
rNeg    . . .      Spirit   .   i - +0 ring mail
rPois   .          Reflect  .   c - +0 helmet
rElec   .          Harm     .   e - +0 cloak
rCorr   .          Rampage  .   (no gloves)
Will    .....                   (boots unavailable)
Stlth   +.........              (no amulet)
HPRegen 0.13/turn               j - ring of magical power
MPRegen 0.14/turn               (no ring)

@: lethally poisoned (0 -> -23)
A: hooves 3
a: no special abilities


You were on level 3 of the Dungeon.
You visited 1 branch of the dungeon, and saw 3 of its levels.

You collected 109 gold pieces.

Inventory:

Hand Weapons
 a - a +0 trident (weapon)
Missiles
 d - 3 throwing nets (quivered)
Armour
 b - a +0 leather armour
 c - a +0 helmet (worn)
 e - a +0 cloak (worn)
 i - a +0 ring mail (worn)
Jewellery
 f - an amulet of faith
 j - a ring of magical power (left hand)
Scrolls
 g - 2 scrolls of holy word {unknown}
 n - 2 scrolls of magic mapping {unknown}
 o - a scroll of identify {unknown}
Potions
 h - a potion of heal wounds {unknown}
 k - a potion of magic
 l - a potion of brilliance {unknown}
 m - a potion of resistance {unknown}
 p - a potion of flight {unknown}


   Skills:
 + Level 2.4 Fighting
 + Level 4.5 Polearms
 - Level 1.7 Throwing
 + Level 1.0 Armour
 + Level 3.1 Dodging
 + Level 0.3 Stealth


You had 4 spell levels left.
You didn't know any spells.
Your spell library was empty.

Dungeon Overview and Level Annotations

Branches:
Dungeon (3/15)

Altars:


Innate Abilities, Weirdness & Mutations

You have hooves in place of feet.


Message History

Things that are here:
a +0 giant club; a rat corpse; an ogre corpse You reach to attack!
You barely miss the kobold.
The orc shouts!
The kobold throws a poisoned dart.
The poisoned dart closely misses you.
You reach to attack!
You barely miss the kobold.
The kobold throws a poisoned dart.
The poisoned dart completely misses you.
You reach to attack!
You hit the kobold but do no damage. You hit the orc.
You kick the orc, but do no damage.
The orc is lightly wounded.
The orc hits you but does no damage.
You are poisoned.
You closely miss the orc.
The orc is lightly wounded.
You feel sick. The orc barely misses you. x2
You barely miss the orc. Your kick misses the orc.
The orc is lightly wounded.
You feel sick.
The orc hits you with a +2 hand axe of venom.
You are more poisoned.
You closely miss the orc.
The orc is lightly wounded.
You feel very sick. The orc barely misses you.
You hit the orc but do no damage. You kick the orc.
The orc is moderately wounded.
You feel sick.
The orc hits you with a +2 hand axe of venom.
* * * LOW HITPOINT WARNING * * *
You are lethally poisoned!
It was a potion of magic.
Magic courses through your body.
* * * LOW HITPOINT WARNING * * *
You feel very sick.
The orc hits you with a +2 hand axe of venom.
* * * LOW HITPOINT WARNING * * *
You are more poisoned.
You closely miss the orc.
The orc is moderately wounded.
You die...

#### #####...
........
#####.#. # #) #.
#.
#.#.###########
##
#....Ko@....).#
#.....####....##
#.## #....
#.....# #...
#... #.....#
#### #.. ####..#
#. #..# # #.)# #
#.###..# ##
#.....########.


You could see an orc and a kobold.

Vanquished Creatures
  An ogre (D:3)
  2 worms
  2 dart slugs
  7 ball pythons
  2 endoplasms (D:1)
  3 giant cockroaches
  4 goblins
  3 hobgoblins
  A quokka (D:1)
  6 bats
  5 frilled lizards
  5 kobolds
  4 rats
45 creatures vanquished.

Notes
Turn   | Place    | Note
-------+----------+-------------------------------------------
     0 | D:1      | Exodus22XD the Demonspawn Gladiator began the quest for the
                  | Orb.
     0 | D:1      | Reached XP level 1. HP: 16/16 MP: 1/1
   224 | D:1      | Reached skill level 3 in Polearms
   224 | D:1      | Gained mutation: You have large cloven feet. [demonic
                  | ancestry]
   224 | D:1      | Reached XP level 2. HP: 22/22 MP: 2/2
   324 | D:1      | Found a faded altar of an unknown god.
   751 | D:1      | Reached XP level 3. HP: 27/27 MP: 3/3
  1643 | D:3      | Noticed an ogre
  1654 | D:3      | Killed an ogre
  1655 | D:3      | Reached skill level 4 in Polearms
  1655 | D:3      | Reached skill level 1 in Armour
  1655 | D:3      | Gained mutation: You have hoof-like feet. [demonic
                  | ancestry]
  1655 | D:3      | Reached XP level 4. HP: 18/34 MP: 4/4
  1655 | D:3      | Gained mutation: You have hooves in place of feet. [demonic
                  | ancestry]
  1655 | D:3      | Reached XP level 5. HP: 21/39 MP: 5/5
  1666 | D:3      | Succumbed to an orc's poison

Illustrated notes

Levels and vault maps discovered:
D:1:      dpeg_arrival_windows_large_door, layout_basic,
          shapermc_ecumenical_altar_pompeii, minmay_strange_pillars,
          nicolae_wormholes
D:2:      layout_loops_cross
D:3:      layout_loops_ring, lemuel_zombie_altar_kikubaaqudgha, minivault_24

Skill      XL: |  1  2  3 |
---------------+----------+-----
Polearms       | 3 4 |  4.5
Dodging        | 3 |  3.1
Armour         | 1 |  1.0
Fighting       | |  2.4
Throwing       | |  1.7
Stealth        | |  0.3

Action                   |  1- 3 |  4- 6 || total
-------------------------+-------+-------++-------
Melee: Trident           |   139 |    10 ||   149
       Punch             |     2 |       ||     2
       Kick              |    15 |     2 ||    17
  Use: Potion            |       |     1 ||     1
 Stab: Sleeping          |     2 |       ||     2
Armor: Leather armour    |    42 |       ||    42
       Ring mail         |     8 |     1 ||     9
Dodge: Dodged            |    72 |     6 ||    78
